[Event "Grandmaster Tournament Rapid"]
[Site "Biel/Bienne, Switzerland"]
[Date "2019.07.21"]
[Round "6.4"]
[White "Abdusattorov, Nodirbek"]
[Black "Vidit, Santosh"]
[Result "0-1"]
[ECO "C81"]
[WhiteElo "2598"]
[BlackElo "2703"]
[PlyCount "132"]
[EventDate "2019.??.??"]
[EventType "rapid"]
[TimeControl "15+5"]
[WhiteClock "0:00:25"]
[BlackClock "0:00:27"]

1. e4 e5 2. Nf3 Nc6 3. Bb5 a6 4. Ba4 Nf6 5. O-O Nxe4 6. d4 b5 7. Bb3 d5 8. dxe5 Be6 9. Qe2 Be7 10. Rd1 O-O 11. c3 Qd7 12. Bc2 f5 13.
Nbd2 Rad8 14. Nb3 Bf7 15. Nbd4 Bh5 16. Nxc6 Qxc6 17. Nd4 Bxe2 18. Nxc6 Bxd1 19. Nxe7+ Kf7 20. Bxd1 Kxe7 21.
f3 Nc5 22. Bg5+ Ke6 23. Bxd8 Rxd8 24. b4 Nd3 25. a4 Nxe5 26. axb5 axb5 27. Bc2 Rd6 28. f4 Nc4 29. g4 fxg4 30. Bxh7 Kf6 31. Bd3 Rc6 32. Re1 Nd2 33. Re8 Rxc3 34. Bxb5 Nf3+ 35. Kg2 Nh4+ 36. Kg1 Ng6 37. Bd7 Nxf4 38. Bxg4 Rc1+ 39. Kf2 Nd3+ 40. Kg2 Nxb4 41. Re6+ Kf7 42. Re2 c5 43. Kg3 g5 44. Re5 Rc3+ 45. Kg2 Kf6 46. Re6+ Kf7 47. Re5 c4 48. Rxg5 Rd3 49. Rf5+ Kg7 50. Rf2 c3 51. Bf5 Re3 52. Rf4 c2 53. Bxc2 Nxc2 54. Kf2 Re5 55. Ra4 Ne3 56. Kf3 Nc4 57. Ra6 Kf7 58. h4 Re6 59. Ra8 Re4 60. h5 Rh4 61.
Rh8 Kg7 62. Rd8 Rxh5 63. Kg4 Re5 64. Kf4 Re4+ 65. Kf5 Ne3+ 66. Kg5 Kf7 0-1

[Event "Grandmaster Tournament Rapid"]
[Site "Biel/Bienne, Switzerland"]
[Date "2019.07.21"]
[Round "7.1"]
[White "Bogner, Sebastian"]
[Black "Abdusattorov, Nodirbek"]
[Result "0-1"]
[ECO "E17"]
[WhiteElo "2584"]
[BlackElo "2598"]
[PlyCount "100"]
[EventDate "2019.??.??"]
[EventType "rapid"]
[TimeControl "15+5"]
[WhiteClock "0:00:12"]
[BlackClock "0:04:11"]

1. d4 Nf6 2. c4 e6 3. Nf3 b6 4. g3 Bb7 5. Bg2 Be7 6. O-O O-O 7. Re1 Na6 8.
Nc3 d5 9. cxd5 exd5 10. b3 c6 11. Bb2 Nc7 12. Rc1 Ne6 13.
e3 Rc8 14. Ne5 c5 15. dxc5 Nxc5 16. Nb5 Nce4 17. Nxa7 Rxc1 18.
Qxc1 Qa8 19. Nac6 Bd6 20. b4 Qxa2 21. Qc2 Bxe5 22. Nxe5 Rc8 23. Qb1 Qxb1 24. Rxb1 Rc2 25. Nd3 h5 26. Bxf6 Nxf6 27. Rc1 Rd2 28.
Ne5 Ba6 29. f3 d4 30. exd4 Rxd4 31. Nc6 Rd2 32. f4 Rb2 33. Ne7+ Kf8 34. Nc6 Bb7 35. h3 Ne8 36. Bf3 Rb3 37. Kf2 Nd6 38. Rd1 Rxf3+ 39. Kxf3 Bxc6+ 40. Ke3 Ke7 41. g4 h4 42. Ra1 Bg2 43.
Ra7+ Ke6 44. Ra6 Bxh3 45. Kf3 Nc4 46. f5+ Kd5 47. Kf4 Bg2 48.
Ra7 Nd6 49. Ra2 h3 50. Rd2+ Kc4 0-1

[Event "Grandmaster Tournament Rapid"]
[Site "Biel/Bienne, Switzerland"]
[Date "2019.07.21"]
[Round "7.2"]
[White "Vidit, Santosh"]
[Black "Maghsoodloo, Parham"]
[Result "1/2-1/2"]
[ECO "D85"]
[WhiteElo "2689"]
[BlackElo "2656"]
[PlyCount "171"]
[EventDate "2019.??.??"]
[EventType "rapid"]
[TimeControl "15+5"]
[WhiteClock "0:00:21"]
[BlackClock "0:00:55"]

1. d4 Nf6 2. c4 g6 3. Nc3 d5 4. cxd5 Nxd5 5. e4 Nxc3 6. bxc3 Bg7 7. Qa4+ Qd7 8. Bb5 c6 9. Bd3 O-O 10. Nf3 c5 11. Qxd7 Bxd7 12. Rb1 b6 13.
Be3 cxd4 14. cxd4 Nc6 15. O-O Rfd8 16. d5 Na5 17. Rbc1 e6 18.
Bg5 f6 19. Bd2 Nb7 20. Rc7 Nc5 21. Bc4 Rdc8 22. Rxc8+ Rxc8 23. Be3 Kf7 24. Rc1 Bf8 25. e5 Bg7 26. exf6 Bxf6 27. dxe6+ Bxe6 28.
Bxe6+ Kxe6 29. Kf1 Rc7 30. Ke2 Na6 31. Rxc7 Nxc7 32. Kd3 Kd5 33. Ng5 Bxg5 34. Bxg5 b5 35. Kc3 Ne6 36. Be3 a5 37. a3 Nc5 38. f3 Nd7 39. Bg5 Ne5 40. Bf4 b4+ 41. axb4 axb4+ 42. Kb3 Nd3 43. Bd2 Kc5 44. g4 Ne5 45. Bxb4+ Kd5 46. Be1 Nxf3 47. Bg3 Ke4 48. Kc3 Ne5 49. Kd2 Nxg4 50. Ke2 Ne3 51. Bb8 h5 52. Bc7 g5 53. Kf2 Nd5 54. Bd8 Kf4 55. h3 Kf5 56. Kf3 Nf6 57. Be7 Ke6 58.
Bd8 Ke5 59. Bc7+ Kf5 60. Bd8 h4 61. Kg2 Nd5 62. Kh2 Nf4 63.
Be7 Nd3 64. Kg2 Kf4 65. Bd8 Ne1+ 66. Kf2 Nf3 67. Bc7+ Ne5 68. Kg2 Ke4 69. Bd8 Kf5 70. Be7 Nd3 71. Bd8 Nb4 72. Be7 Nc6 73. Bc5 Ke4 74. Bb6 Kd3 75. Bc7 Ke2 76. Bb6 Kd3 77. Kf3 Ne5+ 78. Kg2 Ke2 79. Bd8 Nf3 80. Be7 Ne1+ 81. Kh1 Nf3 82. Kg2 Ke3 83. Bd8 Ke4 84. Kf2 Kf4 85. Bc7+ Ne5 86. Kg2 1/2-1/2

[Event "Grandmaster Tournament Rapid"]
[Site "Biel/Bienne, Switzerland"]
[Date "2019.07.21"]
[Round "7.3"]
[White "Georgiadis, Nico"]
[Black "Cori, Jorge"]
[Result "1-0"]
[ECO "B76"]
[WhiteElo "2514"]
[BlackElo "2686"]
[PlyCount "101"]
[EventDate "2019.??.??"]
[EventType "rapid"]
[TimeControl "15+5"]
[WhiteClock "0:00:18"]
[BlackClock "0:00:20"]

1. e4 c5 2. Nf3 Nc6 3. Nc3 g6 4. d4 cxd4 5. Nxd4 Bg7 6. Be3 d6 7. Qd2 Bd7 8. O-O-O Nf6 9. f3 O-O 10. g4 Qa5 11. Kb1 Rfc8 12. h4 h5 13.
g5 Ne8 14. f4 Bg4 15. Be2 Bxe2 16. Qxe2 e6 17. Rhf1 Rc7 18. f5 Nxd4 19. Bxd4 Bxd4 20. Rxd4 Qe5 21. Rd3 Rac8 22. Qf2 gxf5 23. exf5 Ng7 24. fxe6 fxe6 25. Re1 Qc5 26. Qxc5 dxc5 27. Ne4 c4 28. Rf3 Rd8 29. c3 b5 30. a3 a5 31. Kc2 Kh8 32. Nf6 Rc5 33. Rd1 Rxd1 34. Kxd1 Nf5 35. Nxh5 Nxh4 36. Rh3 Nf5 37.
Nf4+ Kg8 38. Nxe6 Rd5+ 39. Kc1 Re5 40. Nf4 Ne3 41. g6 a4 42.
Kd2 Nf1+ 43. Kd1 Re4 44. Nh5 Re6 45. Rf3 Ne3+ 46. Kd2 Nd5 47.
g7 Ne7 48. Rf8+ Kh7 49. Rh8+ Kg6 50. g8=Q+ Nxg8 51. Nf4+ 1-0

[Event "Grandmaster Tournament Rapid"]
[Site "Biel/Bienne, Switzerland"]
[Date "2019.07.21"]
[Round "7.4"]
[White "Leko, Peter"]
[Black "Shankland, Sam"]
[Result "1/2-1/2"]
[ECO "D14"]
[WhiteElo "2674"]
[BlackElo "2713"]
[PlyCount "24"]
[EventDate "2019.??.??"]
[EventType "rapid"]
[TimeControl "15+5"]
[WhiteClock "0:13:28"]
[BlackClock "0:15:43"]

1. d4 d5 2. c4 c6 3. cxd5 cxd5 4. Nc3 Nf6 5. Bf4 Nc6 6. e3 Bf5 7. Bd3 Bxd3 8. Qxd3 e6 9. Nf3 Bd6 10. Bxd6 Qxd6 11. O-O O-O 12. Rac1 Rfc8 1/2-1/2